 Dungeon Crawl Stone Soup version 0.31-a0-365-gcf821cafb2 (webtiles) character file.

Game seed: 9263730035033292590

14 CraigForest the Shield-Bearer (level 2, 27/27 HPs)
             Began as a Minotaur Fighter on July 28, 2023.
             Got out of the dungeon alive.
             The game lasted 00:01:35 (201 turns).

CraigForest the Shield-Bearer (Minotaur Fighter)     Turns: 201, Time: 00:01:35

Health: 27/27      AC:  7    Str: 20    XL:     2   Next: 31%
Magic:  1/1        EV:  9    Int:  5    God:
Gold:   11         SH:  4    Dex:  9    Spells: 1/1 levels left

rFire   . . .        a - +0 long sword
rCold   . . .        c - +0 buckler
rNeg    . . .        b - +0 scale mail
rPois   .            (helmet restricted)
rElec   .            (no cloak)
rCorr   .            (no gloves)
SInv    .            (no boots)
Will    .....        f - amulet of guardian spirit Stlth
                     (no ring)
HPRegen 0.24/turn    (no ring)
MPRegen 0.07/turn

%: guardian spirit
@: no status effects
A: horns 2, retaliatory headbutt
a: no special abilities


You escaped.
You visited 1 branch of the dungeon, and saw 1 of its levels.

You collected 11 gold pieces.

Inventory:

Hand Weapons
 a - a +0 long sword (weapon)
Armour
 b - a +0 scale mail (worn)
 c - a +0 buckler (worn)
Jewellery
 f - an amulet of guardian spirit (around neck)
Scrolls
 e - a scroll of blinking {unknown}
Potions
 d - a potion of might
 g - a potion of heal wounds {unknown}


   Skills:
 + Level 3.9 Fighting
 + Level 2.5 Long Blades
 + Level 3.9 Armour
 + Level 4.0 Shields


You had one spell level left.
You didn't know any spells.
Your spell library was empty.

Dungeon Overview and Level Annotations

Branches:
Dungeon (1/15)

Altars:


Innate Abilities, Weirdness & Mutations

You have a pair of horns on your head.
You reflexively headbutt those who attack you in melee.


Message History

The goblin hits you but does no damage.
You barely miss the goblin.
The goblin is heavily wounded.
The goblin barely misses you. You furiously retaliate!
You headbutt the goblin!
You kill the goblin!
Unknown command.
Unknown command.
A goblin comes into view. It is wielding a +0 dagger.
Found a sling.
The goblin shouts!
A quokka comes into view.
A goblin is nearby!
A goblin comes into view. It is wielding a +0 club.
The goblin shouts!
You block the goblin's attack.
You closely miss the goblin. Your headbutt misses the goblin.
You block the goblin's attack. x2
You hit the goblin.
You kill the goblin!
You block the goblin's attack.
You hit the goblin.
You kill the goblin!
You barely miss the quokka. You block the quokka's attack. x2
You completely miss the quokka. The quokka misses you.
You hit the quokka but do no damage. Your headbutt misses the quokka.
You block the quokka's attack. The quokka barely misses you.
You hit the quokka.
The quokka is almost dead.
The quokka bites you. x2
You closely miss the quokka. You headbutt the quokka.
You kill the quokka!
Your Shields skill increases to level 4!
Things that are here:
a +0 dagger; a quokka corpse You open the door.
There is an open door here.
There is a staircase leading out of the dungeon here.
You can't go down here!
Are you sure you want to leave the Dungeon?
This will make you lose the game!
You have escaped!

# #......###
######..#.....#####
##..###.###..##≈≈≈##
##..#..###.##≈≈P≈≈## #..).
##.........##≈~~.~~≈## #.#.#
#...#.###.##≈~P.8.P~≈# #.#.#
[..#### #.##≈~.....~~## #.#.#
_.## #..8~.......~8## #.#.#
...# ##.'.P8.@.8P.'.###.#.#
#...# ##8~.......~8.##..#.####
##.... ##≈~.....~≈#.....).....
#..## #≈≈P.8.P~≈##.#.#.).### #
.## ###~~~.≈~~###.#.#...... #
## #.##≈~P≈≈##.#.......### #
##..##≈≈≈##.....#..#.# # #
#....#####.....###...### #
########.###...........#.......


There were no monsters in sight!

Vanquished Creatures
  3 ball pythons (D:1)
  3 goblins (D:1)
  3 hobgoblins (D:1)
  2 quokkas (D:1)
  A kobold (D:1)
12 creatures vanquished.

Notes
Turn   | Place    | Note
-------+----------+-------------------------------------------
     0 | D:1      | CraigForest the Minotaur Fighter began the quest for the
                  | Orb.
     0 | D:1      | Reached XP level 1. HP: 19/19 MP: 0/0
    32 | D:1      | Found a faded altar of an unknown god.
   143 | D:1      | Reached XP level 2. HP: 25/27 MP: 1/1
   186 | D:1      | Reached skill level 4 in Shields
   201 | D:$      | Got out of the dungeon alive.

Illustrated notes

Levels and vault maps discovered:
D:1:      lightli_arrival_statuegarden, layout_loops_ring,
          nicolae_ecumenical_snake_handling

Skill      XL: |  1  2 |
---------------+-------+-----
Shields        | 4 |  4.0
Fighting       | |  3.9
Long Blades    | |  2.5
Armour         | |  3.9

Action                     || total
---------------------------++-------
  Melee: Long sword        ||    24
         Headbutt          ||     3
 Armour: Scale mail        ||     6
  Dodge: Dodged            ||     4
  Block: Buckler           ||    11

Table legend: (Time is in decaauts)
 A = Elapsed time spent in this place.
 B = Non-inter-level travel time spent in this place.
 C = Inter-level travel time spent in this place.
 D = Time resting spent in this place.
 E = Time spent auto-exploring this place.
 F = Levels seen in this place.
 G = Mean time per level.
                   A        B        C        D        E       F      G
               +--------+--------+--------+--------+--------+-----+--------+
         Total |    208 |    165 |     43 |      0 |     87 |   1 |  208.0 |
       Dungeon |    208 |    165 |     43 |      0 |     87 |   1 |  208.0 |
               +--------+--------+--------+--------+--------+-----+--------+

Top non-repeatable levels by time:
     D:1: 208 daAuts
